 Dungeon Crawl Stone Soup version 0.30.1-4-g462c640d31 (webtiles) character file.

Game seed: 6510250058248883626

221 leafyfresh the Transmogrifier (level 5, -2/37 HPs)
             Began as a Merfolk Transmuter on Aug 20, 2023.
             Slain by Grinder (7 damage)
             ... while paralysed by Grinder
             ... on level 3 of the Dungeon.
             The game lasted 00:03:31 (2978 turns).

leafyfresh the Transmogrifier (Merfolk Transmuter)  Turns: 2978, Time: 00:03:32

Health: -2/37      AC:  2    Str:  7 (10) XL:     5   Next: 98%
Magic:  6/8        EV:  5    Int: 14      God:
Gold:   64         SH:  0    Dex: 19 (20) Spells: 4/8 levels left

rFire   . . .        k - melded +5 short sword of Gipt {flame, rElec rN++ Str-3 SInv}
rCold   . . .        (shield currently unavailable)
rNeg    . . .        a - melded +0 robe
rPois   x            (helmet currently unavailable)
rElec   .            (cloak currently unavailable)
rCorr   .            (gloves currently unavailable)
SInv    .            q - melded +0 pair of boots
Will    .....        (no amulet)
Stlth   ++           (no ring)
HPRegen 0.26/turn    (no ring)
MPRegen 0.11/turn

%: no passive effects
@: paralysed, spider-form
A: venomous fangs, tiny, (nimble swimmer 2), (mertail)
a: End Transformation


You were on level 3 of the Dungeon.
You were a venomous arachnid creature.
You visited 1 branch of the dungeon, and saw 3 of its levels.

You collected 64 gold pieces.

Inventory:

Hand Weapons
 k - the +5 short sword of Gipt (melded) {flame, rElec rN++ Str-3 SInv}
   (You found it on level 2 of the Dungeon)

   Str:       It affects your strength (-3).
   rElec:     It insulates you from electricity.
   rN:        It greatly protects you from negative energy.
   SInv:      It lets you see invisible.
Missiles
 h - 6 poisoned darts (quivered)
Armour
 a - a +0 robe (melded)
 q - a +0 pair of boots (melded)
Wands
 r - a wand of mindburst (4)
Scrolls
 c - 2 scrolls of silence {unknown}
 e - a scroll of poison {unknown}
 g - a scroll of brand weapon {unknown}
 i - 2 scrolls of immolation {unknown}
 j - a scroll of vulnerability {unknown}
 m - a scroll of identify {unknown}
 o - a scroll of torment {unknown}
 p - a scroll of amnesia {unknown}
Potions
 b - 2 potions of lignification
 d - 2 potions of degeneration
 f - a potion of invisibility {unknown}
 l - a potion of attraction {unknown}
 n - a potion of mutation {unknown}
 s - a potion of curing


   Skills:
 - Level 1.1 Fighting
 - Level 2.6 Dodging
 - Level 3.2 Unarmed Combat
 - Level 2.0 Spellcasting
 + Level 8.0 Transmutations


You had 4 spell levels left.
You knew the following spells:

 Your Spells              Type           Power      Damage    Failure   Level
a - Beastly Appendage     Tmut           46%        N/A       4%          1
b - Spider Form           Tmut/Pois      12%        N/A       32%         3

Your spell library contained the following spells:

 Spells                   Type           Power      Damage    Failure   Level
 Wereblood                Tmut           23%        N/A       6%          2
 Blink                    Tloc           2%         N/A       56%         2
 Lesser Beckoning         Tloc           2%         N/A       56%         2
 Momentum Strike          Conj/Tloc      2%         3d8       56%         2
 Ice Form                 Ice/Tmut       12%        N/A       63%         4


Dungeon Overview and Level Annotations

Branches:
Dungeon (3/15)

Altars:

Shops:
D:3 =(:[[

Annotations:
D:3 Grinder


Innate Abilities, Weirdness & Mutations

You are a venomous arachnid creature.
You have venomous fangs.
You are tiny and dextrous.
Your spellcasting is less reliable in this form.
Your armour is entirely melded.
You are incapable of wielding weapons or throwing items.
((You are very nimble when in or above water. (Stealth+, EV+, Speed+++)))
((Your lower body shifts to a powerful aquatic tail in water.))


Message History

Your +0 pair of boots melds into your body.
Your +0 robe melds into your body.
The +5 short sword of Gipt {flame, rElec rN++ Str-3 SInv} stops flaming.
Grinder hits you.
Unknown command.
You barely miss Grinder. Grinder completely misses you.
You hit Grinder.
Grinder is lightly wounded.
Grinder gestures at you. You resist with significant effort.
You hit Grinder.
Grinder is lightly wounded.
Grinder misses you.
You hit Grinder.
Grinder is lightly wounded.
Grinder misses you.
You hit Grinder but do no damage.
Grinder is poisoned.
Grinder is lightly wounded.
Grinder closely misses you.
You hit Grinder.
Grinder looks as sick as possible!
Grinder is lightly wounded.
Grinder closely misses you.
You hit Grinder but do no damage.
Grinder is lightly wounded.
Grinder hits you.
You writhe in agony.
You hit Grinder.
Grinder is moderately wounded.
Grinder gestures at you. Pain shoots through your body!
You hit Grinder but do no damage.
Grinder is moderately wounded.
Grinder gestures at you.
You suddenly lose the ability to move!
Grinder says, "Are you a fish?" Grinder hits you.
* * * LOW HITPOINT WARNING * * *
You writhe in agony.
* * * LOW HITPOINT WARNING * * *
Grinder hits you!
You die...

#.# ###.#######
..........#
###.#####.########
##...## #........#
#.....# ########.#
##...## #.# ##.##
#∩# #.# #s# #.#
#5# ##'## #.#
##...## #.#
#.....## ...
.......## #.#
........### ...
....†...'.. ∩.#
........###


You could see Grinder (very poisoned).

Vanquished Creatures
  A water moccasin (D:3)
  An orc wizard (D:3)
  An adder (D:2)
  A worm (D:3)
  2 dart slugs
  4 orcs
  5 endoplasms
  6 giant cockroaches
  7 hobgoblins
  2 jackals (D:1)
  10 kobolds
  2 quokkas (D:1)
  8 ball pythons
  5 bats
  3 frilled lizards
  4 goblins
  3 rats
65 creatures vanquished.

Notes
Turn   | Place    | Note
-------+----------+-------------------------------------------
     0 | D:1      | leafyfresh the Merfolk Transmuter began the quest for the
                  | Orb.
     0 | D:1      | Reached XP level 1. HP: 15/15 MP: 3/3
    50 | D:1      | Reached skill level 3 in Transmutations
   189 | D:1      | Reached XP level 2. HP: 21/21 MP: 5/5
   341 | D:1      | Found a faded altar of an unknown god.
   349 | D:1      | Reached skill level 4 in Transmutations
   664 | D:1      | Reached XP level 3. HP: 16/26 MP: 4/6
   668 | D:1      | Learned a level 3 spell: Spider Form
  1283 | D:2      | Reached skill level 5 in Transmutations
  1414 | D:2      | Identified the +5 short sword of Gipt {flame, rElec rN++
                  | Str-3 SInv}
  1625 | D:2      | Reached XP level 4. HP: 32/32 MP: 7/7
  1981 | D:3      | Found Nusa's Antique Weapon Shop.
  1989 | D:3      | Found Puabryd's Armour Emporium.
  2012 | D:3      | Found Rusuw's Jewellery Shop.
  2292 | D:3      | Reached skill level 6 in Transmutations
  2556 | D:3      | Noticed a water moccasin
  2577 | D:3      | HP: 2/48 [goblin/sling bullet (3)]
  2581 | D:3      | Killed a water moccasin
  2582 | D:3      | Reached skill level 7 in Transmutations
  2582 | D:3      | Reached XP level 5. HP: 4/37 MP: 3/8
  2930 | D:3      | Reached skill level 8 in Transmutations
  2961 | D:3      | Found Piasymnu's Armour Emporium.
  2963 | D:3      | Noticed Grinder
  2966 | D:3      | Found Anaim's Book Boutique.
  2976 | D:3      | Paralysed by Grinder for 2 turns
  2978 | D:3      | Slain by Grinder

Illustrated notes

Levels and vault maps discovered:
D:1:      psy_arrival_heroes, layout_rooms,
          shapermc_ecumenical_altar_mp_highgroup, grunt_decor_clamped,
          chequers_decorated_corner
D:2:      layout_loops_corners
D:3:      layout_loops_corners, serial_shops, shop, shop, shop, shop, shop,
          minmay_fountain_box, uniq_grinder

Skill      XL: |  1  2  3  4  5 |
---------------+----------------+-----
Transmutations | 3 4 5 7 8 |  8.0
Fighting       | |  1.1
Dodging        | |  2.6
Unarmed Combat | |  3.2
Spellcasting   | |  2.0

Action                     |  1- 3 |  4- 6 || total
---------------------------+-------+-------++-------
  Melee: Unarmed           |    13 |    21 ||    34
         Short sword       |   153 |    67 ||   220
         Headbutt          |     4 |       ||     4
         Punch             |     1 |     2 ||     3
   Cast: Beastly Appendage |     4 |       ||     4
         Spider Form       |       |     2 ||     2
    Use: Potion            |       |     3 ||     3
   Stab: Sleeping          |     4 |       ||     4
 Armour: Robe              |    41 |     6 ||    47
         Skin              |       |    18 ||    18
  Dodge: Dodged            |   121 |    61 ||   182
